 Dungeon Crawl Stone Soup version 0.29.0-7-g18a832c13a (webtiles) character file.

Game seed: 5938473243562303444

34 gelatine the Conjurer (level 3, -1/24 HPs)
             Began as a Demonspawn Conjurer on Sept 1, 2022.
             Slain by a worm (10 damage)
             ... on level 2 of the Dungeon.
             The game lasted 00:03:18 (1942 turns).

gelatine the Conjurer (Demonspawn Conjurer)         Turns: 1942, Time: 00:03:19

Health: -1/24      AC:  3    Str:  7    XL:     3   Next: 14%
Magic:  1/6        EV: 12    Int: 21    God:
Gold:   57         SH:  0    Dex: 11    Spells: 3/6 levels left

rFire   . . .      SeeInvis .   e - +0 club
rCold   . . .      Faith    .   (no shield)
rNeg    . . .      Spirit   .   a - +0 robe
rPois   .          Reflect  .   (no helmet)
rElec   .          Harm     .   m - +0 cloak
rCorr   .          Rampage  .   (no gloves)
Will    .....                   (no boots)
Stlth   ++........              (no amulet)
HPRegen 0.08/turn               (no ring)
MPRegen 0.10/turn               (no ring)

@: no status effects
A: claws 1
a: no special abilities


You were on level 2 of the Dungeon.
You visited 1 branch of the dungeon, and saw 2 of its levels.

You collected 57 gold pieces.

Inventory:

Hand Weapons
 e - a +0 club (weapon)
Armour
 a - a +0 robe (worn)
 m - a +0 cloak (worn)
Scrolls
 c - a scroll of enchant armour {unknown}
 f - 2 scrolls of poison {unknown}
 g - a scroll of teleportation {unknown}
 h - a scroll of enchant weapon {unknown}
 j - a scroll of blinking {unknown}
 k - a scroll of summoning {unknown}
 n - a scroll of vulnerability {unknown}
 o - a scroll of butterflies {unknown}
Potions
 b - 2 potions of magic
 d - a potion of degeneration {unknown}
 i - a potion of heal wounds {unknown}
 l - a potion of brilliance {unknown}


   Skills:
 + Level 0.2 Fighting
 + Level 2.0 Dodging
 + Level 2.2 Stealth
 + Level 2.0 Spellcasting
 + Level 4.7 Conjurations


You had 3 spell levels left.
You knew the following spells:

 Your Spells              Type           Power      Damage    Failure   Level
a - Magic Dart            Conj           84%        1d7       2%          1
b - Searing Ray           Conj           42%        2d6       3%          2

Your spell library contained the following spells:

 Spells                   Type           Power      Damage    Failure   Level
 Dazzling Flash           Conj/Hex       24%        N/A       17%         3
 Fulminant Prism          Conj/Hex       6%         3d7       50%         4
 Iskenderun's Mystic Bla  Conj/Tloc      12%        2d5       50%         4
 Iskenderun's Battlesphe  Conj           21%        2d7       52%         5
 Fireball                 Conj/Fire      6%         3d5       83%         5
 Conjure Ball Lightning   Conj/Air       6%         3x3d6     100%        6
 Orb of Destruction       Conj           10%        9d6       100%        7


Dungeon Overview and Level Annotations

Branches:
Dungeon (2/15)

Altars:

Shops:
D:1 =


Innate Abilities, Weirdness & Mutations

You have sharp fingernails.


Message History

The magic dart hits the giant cockroach.
You kill the giant cockroach!
The magic dart hits the bat.
You kill the bat!
Found a robe.
Found a club.
Found a stone staircase leading down.
You now have 57 gold pieces (gained 11).
A hobgoblin comes into view.
The magic dart hits the hobgoblin.
You kill the hobgoblin!
You can't see any susceptible monsters within range! (Use Z to cast anyway.)
A worm comes into view.
The magic dart hits the worm.
The worm is lightly wounded.
You miscast Magic Dart.
You are very lightly contaminated with residual magic.
Nothing appears to happen.
The worm closely misses you.
The magic dart hits the worm.
The worm is lightly wounded.
The magic dart hits the worm but does no damage.
The worm is lightly wounded.
The worm bites you!
The magic dart hits the worm.
The worm is moderately wounded.
The worm bites you but does no damage.
The magic dart hits the worm.
The worm is moderately wounded.
You hit the worm.
The worm is heavily wounded.
The worm bites you.
You hit the worm.
The worm is severely wounded.
The worm bites you.
Your magical contamination has completely faded away.
You hit the worm but do no damage.
The worm is severely wounded.
You hit the worm.
The worm is severely wounded.
The worm bites you!
You die...

#....# #....
#.##.### #..# .
#...###..# #
#........# .#
........###.# .#
####..#.###.######.#
..................#
####.#####.)...#†.#
#.# #.....@..# #.#
#.....#w## #.
#..>..#.# ###.###.#
#.# .# #.# .# #.# .#
#. .#


You could see a worm.

Vanquished Creatures
  2 dart slugs (D:1)
  4 ball pythons
  3 bats
  2 endoplasms (D:1)
  A giant cockroach (D:2)
  6 hobgoblins
  A jackal (D:2)
  2 kobolds (D:1)
  A quokka (D:2)
  A frilled lizard (D:1)
  3 rats (D:1)
26 creatures vanquished.

Notes
Turn   | Place    | Note
-------+----------+-------------------------------------------
     0 | D:1      | gelatine the Demonspawn Conjurer began the quest for the
                  | Orb.
     0 | D:1      | Reached XP level 1. HP: 13/13 MP: 3/3
   464 | D:1      | Gained mutation: You have sharp fingernails. [demonic
                  | ancestry]
   464 | D:1      | Reached XP level 2. HP: 17/19 MP: 0/5
  1364 | D:1      | Found Ifrimel's Jewellery Emporium.
  1560 | D:2      | Learned a level 2 spell: Searing Ray
  1691 | D:2      | Reached XP level 3. HP: 24/24 MP: 3/6
  1942 | D:2      | Slain by a worm

Illustrated notes

Levels and vault maps discovered:
D:1:      dpeg_arrival_court, layout_loops_corners, serial_shops,
          nicolae_lakefront_shop, nicolae_concentric_dashed_squares_wild
D:2:      layout_loops_ring, minmay_tripent, uniq_jessica

Skill      XL: |  1  2 |
---------------+-------+-----
Stealth        | 2 |  2.2
Dodging        | 2 |  2.0
Fighting       | |  0.2
Spellcasting   | |  2.0
Conjurations   | |  4.7

Action                   || total
-------------------------++-------
Melee: Club              ||    26
       Unarmed           ||     4
       Punch             ||     1
 Cast: Magic Dart        ||    64
Armor: Robe              ||    14
Dodge: Dodged            ||    33
